Map: Proxima Station LE

Players

souL - Winner!

  • Race: Terran Terran
  • Spawn Location: 7:00

Cham

  • Race: Zerg Zerg
  • Spawn Location: 1:00

Event: WCS Valencia 2017

VOD

Have the link to the VOD?

Description

Time

  • Played on: July 13, 2017, 1:06 p.m.
  • Length: 9:09

All games in this series

Show
View Real Time Build Order
Export as new Build Order

souL Terran - Winner!

Build Orders: Liberator Opening, Reaper Expand, Mech 

Get SALT Encoding   

  12  0:00  SCV  
  13  0:13  SCV  
  14  0:17  Supply Depot  
  14  0:25  SCV  
  15  0:30  Refinery  
  15  0:39  SCV  
  16  0:45  Barracks  
  16  0:51  SCV  
  17  1:03  SCV  
  18  1:15  SCV  
  19  1:31  Reaper  
  19  1:32  Orbital Command  
  20  1:45  Command Center  
  20  1:54  Factory  
  20  1:59  SCV  
  21  2:09  Barracks Reactor  
  21  2:11  Supply Depot  
  21  2:12  SCV  
  22  2:16  Refinery  
  22  2:24  SCV  
  23  2:36  SCV  
  24  2:43  Starport  
  24  2:45  Marine x2  
  24  2:48  SCV, Widow Mine  
  29  2:58  Orbital Command  
  29  3:00  SCV  
  29  3:03  Marine  
  29  3:04  Marine  
  32  3:12  SCV  
  33  3:21  Medivac  
  33  3:25  SCV  
  33  3:26  SCV  
  36  3:29  Marine  
  36  3:30  Hellion  
  36  3:31  Hellion  
  41  3:37  SCV  
  41  3:38  SCV, Supply Depot  
  41  3:41  Supply Depot  
  43  3:42  Liberator  
  43  3:49  SCV  
  43  3:50  SCV  
  45  4:01  SCV  
  45  4:02  SCV  
  54  4:10  Hellion x2  
  54  4:11  Supply Depot  
  54  4:13  SCV  
  54  4:14  SCV  
  56  4:20  Armory  
  56  4:25  SCV  
  56  4:26  SCV  
  56  4:29  Supply Depot  
  60  4:31  Hellion x2  
  60  4:38  SCV x2, Barracks Tech Lab  
  64  4:50  SCV  
  64  4:51  SCV  
  66  4:55  Supply Depot  
  66  4:59  Hellion x2  
  70  5:01  Command Center  
  70  5:02  SCV  
  70  5:03  SCV  
  72  5:09  Terran Vehicle And Ship Armor Level 1  
  72  5:13  Cloaking Field  
  72  5:14  Banshee  
  72  5:16  SCV  
  72  5:18  SCV  
  72  5:21  Hellion x2  
  79  5:29  SCV, Refinery  
  79  5:30  SCV, Refinery  
  81  5:41  SCV, Factory  
  81  5:42  Hellion, Factory, SCV  
  77  5:49  Hellion  
  73  5:53  SCV  
  73  5:54  SCV  
  75  6:03  Hellion, Banshee  
  80  6:05  SCV  
  80  6:06  SCV  
  80  6:09  Barracks Tech Lab  
  79  6:12  Orbital Command  
  79  6:13  Refinery x2  
  79  6:17  SCV  
  81  6:18  SCV  
  81  6:28  Hellion  
  81  6:29  SCV  
  81  6:30  SCV  
  85  6:34  Factory x2  
  85  6:37  Armory  
  85  6:38  Factory Tech Lab  
  85  6:39  SCV  
  86  6:41  SCV  
  86  6:42  SCV  
  88  6:49  Thor  
  88  6:52  SCV  
  88  6:53  SCV  
  88  6:54  SCV  
  88  6:56  Starport Reactor  
  87  7:01  Supply Depot  
  87  7:02  Supply Depot  
  87  7:04  SCV  
  87  7:05  SCV  
  87  7:06  SCV  
  87  7:07  Engineering Bay  
  87  7:12  Hellion x2  
  87  7:13  Thor  
  97  7:16  SCV  
  97  7:17  SCV  
  97  7:19  Factory Tech Lab, SCV, Factory Reactor  
  97  7:20  Supply Depot  
  100  7:28  SCV  
  102  7:30  SCV  
  102  7:32  Medivac  
  102  7:33  Medivac  
  102  7:34  Hellion x2  
  110  7:37  Supply Depot  
  110  7:39  Supply Depot  
  110  7:46  Thor  
  116  7:51  Supply Depot  
  116  7:54  Siege Tank  
  119  8:00  Supply Depot  
  119  8:02  Hellion x2  
  119  8:04  Supply Depot  
  123  8:17  Command Center  
  123  8:18  Viking x2  
  127  8:20  Siege Tank  
  127  8:26  Siege Tank, Supply Depot  
  135  8:27  Hellbat  
  135  8:28  Hellbat  
  135  8:30  Supply Depot  
  137  8:35  Siege Tank, Hellbat  
  140  8:47  Hellbat  
Show
View Real Time Build Order
Export as new Build Order

Cham Zerg 

Build Orders: Hatch First 

Get SALT Encoding   

  12  0:00  Drone  
  13  0:08  Drone  
  14  0:17  Overlord  
  14  0:35  Drone  
  14  0:36  Drone x2  
  17  0:52  Hatchery  
  17  0:55  Drone  
  17  0:59  Drone  
  17  1:02  Extractor  
  17  1:14  Spawning Pool  
  17  1:17  Drone  
  17  1:21  Drone  
  18  1:31  Drone  
  19  1:40  Overlord  
  19  2:01  Queen  
  19  2:02  Metabolic Boost  
  19  2:03  Queen, Zergling x2  
  19  2:05  Zergling x2  
  25  2:08  Zergling x2  
  25  2:13  Drone  
  27  2:16  Drone  
  28  2:24  Overlord  
  28  2:25  Drone  
  29  2:40  Drone  
  29  2:41  Queen  
  32  2:46  Overlord  
  32  2:47  Drone x2  
  34  2:58  Drone x2  
  36  3:05  Overlord  
  36  3:10  Drone  
  37  3:16  Drone  
  37  3:17  Drone x2  
  37  3:19  Drone x3  
  43  3:22  Hatchery  
  41  3:32  Overlord  
  41  3:34  Drone x2  
  41  3:37  Queen  
  46  3:41  Drone  
  46  3:44  Zergling x2  
  46  3:45  Zergling x4  
  46  3:46  Zergling x2  
  50  3:49  Zergling x4  
  50  3:54  Queen  
  54  3:56  Drone  
  54  3:58  Drone  
  54  4:02  Overlord  
  56  4:04  Drone  
  56  4:09  Drone  
  58  4:17  Overlord  
  58  4:18  Overlord  
  58  4:20  Queen, Drone  
  58  4:22  Overlord  
  58  4:24  Drone x2  
  63  4:28  Drone x2  
  65  4:32  Evolution Chamber  
  65  4:34  Overlord  
  65  4:35  Drone  
  65  4:39  Queen  
  67  4:50  Drone x2  
  67  4:52  Overlord  
  69  4:53  Drone x4  
  69  4:54  Drone  
  69  4:56  Overlord  
  69  4:58  Zergling x4  
  76  5:00  Zergling x2  
  76  5:05  Spine Crawler  
  76  5:09  Zergling x4  
  76  5:13  Zergling x2  
  79  5:21  Zergling x2  
  79  5:22  Zergling x4  
  79  5:23  Zergling x4  
  79  5:24  Zerg Ground Armor Level 1  
  79  5:28  Evolution Chamber, Drone, Roach Warren  
  78  5:29  Drone  
  71  5:37  Zergling x8  
  71  5:38  Drone  
  63  5:49  Drone  
  58  5:51  Drone  
  58  5:57  Lair  
  58  5:58  Drone  
  58  6:00  Drone  
  58  6:02  Drone  
  61  6:09  Zerg Missile Weapons Level 1  
  61  6:10  Drone  
  61  6:11  Drone  
  59  6:12  Extractor x2  
  59  6:15  Extractor, Drone  
  59  6:17  Extractor, Drone x3  
  59  6:18  Extractor  
  58  6:21  Drone  
  58  6:23  Drone  
  55  6:29  Drone  
  55  6:31  Drone  
  57  6:33  Spore Crawler  
  57  6:34  Spore Crawler  
  57  6:37  Drone x2  
  57  6:38  Spore Crawler  
  55  6:42  Drone  
  55  6:44  Drone x3  
  58  6:53  Drone  
  58  6:54  Drone x2  
  58  6:55  Drone x4  
  58  6:56  Drone  
  58  6:58  Drone  
  58  7:01  Drone  
  64  7:03  Glial Reconstitution  
  64  7:05  Drone  
  64  7:08  Drone  
  65  7:12  Drone x2  
  65  7:15  Drone x3  
  69  7:18  Drone x2  
  69  7:19  Drone  
  69  7:21  Infestation Pit, Drone  
  73  7:26  Drone x2  
  74  7:32  Drone x3  
  77  7:38  Drone  
  77  7:39  Drone  
  77  7:41  Drone x2  
  81  7:45  Drone x2  
  81  7:47  Drone  
  81  7:50  Drone  
  84  7:53  Drone  
  84  7:54  Drone x2  
  84  7:57  Overlord  
  87  7:59  Roach  
  87  8:04  Hatchery  
  88  8:11  Roach  
  88  8:12  Roach  
  92  8:13  Roach  
  92  8:16  Overlord  
  92  8:17  Roach  
  96  8:26  Spire  
  90  8:27  Roach  
  90  8:30  Roach  
  90  8:31  Roach  
  90  8:32  Roach  
  85  8:42  Roach x3  
  85  8:43  Roach  
  85  8:47  Drone  
  77  8:49  Drone  
Tags
 
Add a new tag
Caveats
  • Supply blocks, unpowered buildings, or Contaminate may cause inaccurate times.
  • Supply counts are checked every 10 seconds.